 Dungeon Crawl Stone Soup version 0.25.1-2-g60ff931df9 (webtiles) character file.

Game seed: 9686493994524064835

99 funkygono the Gusty (level 4, -3/33 HPs)
             Began as a Draconian Air Elementalist on Nov 28, 2020.
             Slain by Crazy Yiuf
             ... wielding a +3 quarterstaff of chaos
              (14 damage)
             ... on level 3 of the Dungeon.
             The game lasted 00:05:58 (3487 turns).

funkygono the Gusty (Draconian Air Elementalist)    Turns: 3487, Time: 00:05:59

Health: -3/33      AC:  8    Str: 10    XL:     4   Next: 45%
Magic:  0/7        EV: 12    Int: 17    God:
Gold:   116        SH:  0    Dex: 11    Spells: 2/8 levels left

rFire    + . .     SeeInvis .   e - +0 whip
rCold    + . .     Gourm    .   (no shield)
rNeg     . . .     Faith    .   (armour unavailable)
rPois    +         Spirit   .   (helmet restricted)
rElec    +         Reflect  .   (no cloak)
rCorr    +         Harm     .   (no gloves)
MR       .....                  c - +2 pair of boots
Stlth    ++........             (no amulet)
HPRegen  0.11/turn              (no ring)
MPRegen  0.10/turn              (no ring)

@: resistant, very slightly contaminated, invisible
A: unfitting armour, cold-blooded, AC +5
a: no special abilities


You were on level 3 of the Dungeon.
You were not hungry.

You visited 1 branch of the dungeon, and saw 3 of its levels.

You collected 116 gold pieces.

Inventory:

Hand Weapons
 e - a +0 whip (weapon)
Armour
 c - a +2 pair of boots (worn)
Scrolls
 g - 2 scrolls of remove curse
 j - a scroll of enchant armour
Potions
 d - a potion of brilliance
 i - a potion of degeneration {unknown}
 k - a potion of curing {unknown}
 o - a potion of might {unknown}
Comestibles
 b - 2 rations


   Skills:
 + Level 0.1 Maces & Flails
 + Level 1.8 Dodging
 + Level 1.7 Stealth
 * Level 2.6 Spellcasting
 * Level 2.2 Conjurations
 * Level 1.1 Charms
 * Level 4.0 Air Magic


You had 2 spell levels left.
You knew the following spells:

 Your Spells              Type           Power        Failure   Level  Hunger
a - Shock                 Conj/Air       ##..         4%          1    #......
b - Swiftness             Chrm/Air       ##......     10%         2    ##.....
c - Static Discharge      Conj/Air       ##......     16%         3    ###....

Your spell library contained the following spells:

 Spells                   Type           Power        Failure   Level  Hunger
 Airstrike                Air            ###.......   34%         4    #####..
 Lightning Bolt           Conj/Air       ##........   80%         5    ######.


Dungeon Overview and Level Annotations

Branches:
Dungeon (3/15)

Altars:
Trog

Annotations:
D:3 Crazy Yiuf


Innate Abilities, Weirdness & Mutations

Your plain brown scales are hard. (AC +5)
You cannot fit into any form of body armour.
You are cold-blooded and may be slowed by cold attacks.


Message History

Crazy Yiuf hits you with a +3 quarterstaff of chaos!
Crazy Yiuf barely misses you.
Crazy Yiuf hits you with a +3 quarterstaff of chaos.
You feel yourself slow down. Crazy Yiuf freezes you.
Crazy Yiuf hits you with a +3 quarterstaff of chaos.
You feel yourself speed up.
Crazy Yiuf hits you with a +3 quarterstaff of chaos.
* * * LOW HITPOINT WARNING * * *
Crazy Yiuf burns you.
* * * LOW HITPOINT WARNING * * *
You turn to flesh and can move again.
You feel much better.
Crazy Yiuf hits you with a +3 quarterstaff of chaos!
Ouch! That really hurt!
You feel your power leaking away.
You feel protected. Crazy Yiuf barely misses you.
You fade into invisibility!
Crazy Yiuf hits you with a +3 quarterstaff of chaos!
You die...

##### #)..#
#...# ...
......## #g#
.......#
#@##
.......#
##.#
.......#
#.##
.......#
##.#
.......#
##.##
.......####
##...#
..>....รท.>#
#....#
.......##..#
##..##
###.####
######....#


You could see Crazy Yiuf.

Vanquished Creatures
  3 adders
  3 worms
  2 dart slugs (D:1)
  3 leopard geckos
  4 ball pythons
  2 giant cockroaches
  6 hobgoblins
  3 jackals (D:2)
  5 kobolds
  A quokka (D:2)
  10 bats
  2 frilled lizards
  4 goblins
  9 rats
57 creatures vanquished.

Notes
Turn   | Place    | Note
-------+----------+-------------------------------------------
     0 | D:1      | funkygono the Draconian Air Elementalist began the quest
                  | for the Orb.
     0 | D:1      | Reached XP level 1. HP: 14/14 MP: 3/3
   245 | D:1      | Reached XP level 2. HP: 20/20 MP: 0/5
   249 | D:1      | Learned a level 2 spell: Swiftness
  1192 | D:1      | Reached XP level 3. HP: 26/26 MP: 4/6
  1197 | D:1      | Learned a level 3 spell: Static Discharge
  1888 | D:2      | Reached skill level 1 in Charms
  2323 | D:2      | Reached XP level 4. HP: 27/33 MP: 1/7
  2720 | D:2      | Found a bloodstained altar of Trog.
  2818 | D:2      | Reached skill level 4 in Air Magic
  3467 | D:3      | Found a runed translucent door.
  3468 | D:3      | Noticed Crazy Yiuf
  3487 | D:3      | Slain by Crazy Yiuf

Illustrated notes

Levels and vault maps discovered:
D:1:      mrwooster_arrival_statue_2, layout_basic
D:2:      minmay_recursive_quarters, layout_basic,
          lemuel_coloured_pillars_altar, grunt_decor_fettered
D:3:      layout_rooms, gammafunk_temple_overflow_wave, first_ration, uniq_ijyb,
          uniq_crazy_yiuf_cottage, uniq_purgy

Skill      XL: |  1  2  3  4 |
---------------+-------------+-----
Charms         | 1 |  1.1
Air Magic      | 4 |  4.0
Conjurations   | 2 |  2.2
Maces & Flails | |  0.1
Dodging        | |  1.8
Stealth        | |  1.7
Spellcasting   | |  2.6

Action                   |  1- 3 |  4- 6 || total
-------------------------+-------+-------++-------
Melee: Dagger            |     8 |       ||     8
       Tailslap          |    11 |       ||    11
       Whip              |    77 |    13 ||    90
 Cast: Shock             |    92 |    46 ||   138
  Use: Scroll            |     5 |     5 ||    10
       Potion            |       |     3 ||     3
  Eat: Chunk             |     5 |     4 ||     9
Armor: Skin              |    34 |    10 ||    44
Dodge: Dodged            |    70 |    22 ||    92
